[Event "Titled Tuesday Blitz December 20 Early 2022"]
[White "Rincon Zapatero, Alejandro"]
[Black "Calzadilla De la Cruz, Maray"]
[WhiteFideId "2288850"]
[BlackFideId "3509770"]
[WhiteElo "1752"]
[BlackElo "1994"]
[Result "1-0"]
[Round "06"]
[TimeControl "180+2"]
[Date "2022.12.20"]
[WhiteClock "0:01:08"]
[BlackClock "0:01:27"]

1. c4 g6 2. Nc3 Bg7 3. g3 c6 4. Bg2 d5 5. cxd5 Nf6 6. dxc6 Nxc6 7. Nf3 e5 8. d3 O-O 9. O-O h6 10. h3 Be6 11. Be3 Nd5 12. Nxd5 Bxd5 13. Nd2 Bxg2 14. Kxg2 f5 15. Qb3+ Rf7 16. f4 Qe7 17. Rae1 exf4 18. Bxf4 g5 19. e4 gxf4 20. exf5 Qg5 21. Ne4 Qxf5 22. Rxf4 Qg6 23. Nd6 Qxd6 24. Qxf7+ Kh7 25. Re6 Qd5+ 26. Kh2 Qxd3 27. Rxh6+ Kxh6 28. Rh4+ Kg5 29. Rg4+ Kh6 30. Qxg7+ Kh5 31. Qg5# 1-0


[Site "https://www.chess.com"]

[Event "Titled Tuesday Blitz December 20 Early 2022"]
[White "Roman_Ovetchkin"]
[Black "GHANDEEVAM2003"]
[WhiteElo "2702"]
[BlackElo "3050"]
[Result "0-1"]
[Round "06"]
[TimeControl "180+2"]
[Date "2022.12.20"]
[WhiteClock "0:00:11"]
[BlackClock "0:00:24"]

1. d4 Nf6 2. c4 e6 3. g3 c5 4. d5 exd5 5. cxd5 d6 6. Nc3 g6 7. Bg2 Bg7 8. Nf3 O-O 9. O-O Re8 10. Re1 Na6 11. h3 Bf5 12. g4 Be4 13. Bf4 Nb4 14. Nxe4 Rxe4 15. Bg3 Nd7 16. a3 Na6 17. Qc2 Re8 18. Bxd6 Nb6 19. Bg3 Qxd5 20. Rad1 Qe6 21. Ng5 Qe7 22. Ne4 Be5 23. f4 Bg7 24. g5 Rad8 25. e3 c4 26. Bf2 Nc5 27. Nxc5 Qxc5 28. Bxb7 Qb5 29. Bf3 Rd3 30. Be2 Rb3 31. Rb1 Rxb2 32. Rxb2 Qxb2 33. Qxc4 Nxc4 0-1


[Site "https://www.chess.com"]

[Event "Titled Tuesday Blitz December 20 Early 2022"]
[White "Rosenberg, Sergei G"]
[Black "politeplayer"]
[WhiteFideId "4102444"]
[WhiteElo "2418"]
[BlackElo "2244"]
[Result "0-1"]
[Round "06"]
[TimeControl "180+2"]
[Date "2022.12.20"]
[WhiteClock "0:00:24"]
[BlackClock "0:00:25"]

1. d4 d5 2. Nf3 e6 3. g3 Nf6 4. Bg2 c5 5. O-O Nc6 6. c4 cxd4 7. cxd5 exd5 8. Nxd4 Bc5 9. Nb3 Bb6 10. Bg5 d4 11. N1d2 h6 12. Bf4 Nd5 13. Nc4 Nxf4 14. gxf4 O-O 15. Nxb6 axb6 16. Bxc6 bxc6 17. Qxd4 Qh4 18. Kh1 c5 19. Qe3 Bb7+ 20. Kg1 Rfe8 21. Qg3 Qh5 22. e3 Re6 23. f3 Rg6 24. Kg2 Rxg3+ 25. hxg3 Bd5 26. e4 Bxb3 27. axb3 Rxa1 28. Rxa1 Qg6 29. Ra8+ Kh7 30. Rd8 Qe6 31. Rd5 g6 32. g4 Qc6 33. f5 Qb5 34. fxg6+ Kxg6 35. Rd6+ Kg7 36. Kg3 Qxb3 37. Rd2 c4 38. Rh2 c3 39. bxc3 Qxc3 40. Rh5 Qc7+ 41. f4 Qc3+ 42. Kg2 Qd2+ 43. Kf3 b5 44. g5 Qd1+ 45. Kg3 Qxh5 46. e5 hxg5 47. f5 Qh4+ 48. Kg2 Qf4 49. f6+ Kg6 50. e6 fxe6 51. f7 Kxf7 52. Kh3 Qd2 53. Kg3 b4 54. Kg4 b3 55. Kh5 Kf6 56. Kg4 Qf4+ 57. Kh3 g4+ 58. Kg2 Qf3+ 59. Kg1 Qe2 60. Kh1 g3 61. Kg1 Qf2+ 62. Kh1 Qh2# 0-1


[Site "https://www.chess.com"]

[Event "Titled Tuesday Blitz December 20 Early 2022"]
[White "Ruzele, Darius"]
[Black "Kucherov, Konstantin"]
[WhiteFideId "12800104"]
[BlackFideId "34136280"]
[WhiteElo "2531"]
[BlackElo "1983"]
[Result "1-0"]
[Round "06"]
[TimeControl "180+2"]
[Date "2022.12.20"]
[WhiteClock "0:00:07"]
[BlackClock "0:00:07"]

1. e4 b6 2. d4 Bb7 3. Nc3 e6 4. Nf3 Bb4 5. Bd3 Nf6 6. Qe2 d5 7. exd5 Nxd5 8. Bd2 Nxc3 9. bxc3 Be7 10. O-O Nd7 11. a4 a5 12. Rfe1 O-O 13. c4 Bf6 14. c3 Re8 15. Rab1 Qc8 16. Rb5 Bc6 17. Rh5 g6 18. Rh3 Bxa4 19. Ng5 Nf8 20. Ne4 Bg7 21. Bh6 Qd8 22. Qe3 Bc6 23. Bxg7 Kxg7 24. Qh6+ Kg8 25. Ng5 Qf6 26. Ne4 Qg7 27. Qh4 Bxe4 28. Bxe4 Rab8 29. Bc6 Red8 30. d5 e5 31. Qe7 f6 32. Qa3 Nd7 33. f4 Nc5 34. fxe5 fxe5 35. Qc1 Rf8 36. Qg5 e4 37. Qg3 Rbd8 38. Rh4 Qf6 39. h3 Qf5 40. Rg4 Qf7 41. h4 Kg7 42. h5 Rd6 43. Qh4 Rf6 44. h6+ Kh8 45. Qg5 Rf1+ 46. Rxf1 Qxf1+ 47. Kh2 Qf6 48. Qe3 Qe5+ 49. Kh3 Qf5 50. Kh4 Qf6+ 51. Kh3 Qe5 52. g3 Rf5 53. Rf4 Rxf4 54. Qxf4 Qxf4 55. gxf4 Kg8 56. Kg3 Kf7 57. Kf2 Kf6 58. Ke3 g5 59. fxg5+ Kxg5 60. d6 cxd6 61. Bxe4 Nxe4 62. Kxe4 Kxh6 63. Kd5 Kg5 64. c5 h5 65. cxd6 h4 66. d7 h3 67. d8=Q+ Kf4 68. Qh4+ Ke3 69. Qxh3+ Kd2 70. Kc4 b5+ 71. Kxb5 a4 72. Kxa4 Kc2 73. c4 Kb2 74. c5 Ka2 75. c6 1-0


[Site "https://www.chess.com"]

[Event "Titled Tuesday Blitz December 20 Early 2022"]
[White "Sadykov_Ramil"]
[Black "Nithisker, P"]
[BlackFideId "33434786"]
[WhiteElo "2546"]
[BlackElo "2346"]
[Result "1-0"]
[Round "06"]
[TimeControl "180+2"]
[Date "2022.12.20"]
[WhiteClock "0:00:05"]
[BlackClock "0:00:02"]

1. e4 e5 2. Nf3 Nc6 3. Bb5 a6 4. Ba4 Nf6 5. d3 b5 6. Bb3 Bb7 7. O-O Bd6 8. c3 h6 9. Re1 O-O 10. d4 Re8 11. Bc2 exd4 12. cxd4 Nb4 13. d5 Nxc2 14. Qxc2 Bb4 15. Bd2 Bf8 16. Ba5 Rc8 17. Nbd2 Qe7 18. Qd3 Nh5 19. g3 c6 20. a4 cxd5 21. e5 b4 22. Nd4 Qc5 23. N2b3 Qc4 24. Qf3 Bc5 25. Rac1 Bxd4 26. Rxc4 Rxc4 27. Nxd4 Rxd4 28. Qxh5 Rc8 29. Qf5 Bc6 30. Bb6 Rd2 31. b3 Rb8 32. Be3 Rb2 33. Rb1 Rxb1+ 34. Qxb1 Re8 35. Bd4 Rc8 36. Qd3 Bb7 37. Bb2 a5 38. f4 Rc6 39. Kf2 Kf8 40. Ke3 Ke8 41. Kd4 h5 42. f5 Rh6 43. Qb5 Bc6 44. Qb8+ Ke7 45. Bc1 1-0


[Site "https://www.chess.com"]

[Event "Titled Tuesday Blitz December 20 Early 2022"]
[White "SaiHanThiha"]
[Black "Arig, Busra"]
[BlackFideId "6309356"]
[WhiteElo "2429"]
[BlackElo "1850"]
[Result "0-1"]
[Round "06"]
[TimeControl "180+2"]
[Date "2022.12.20"]
[WhiteClock "0:00:02"]
[BlackClock "0:00:22"]

1. d4 c5 2. d5 d6 3. e4 Nf6 4. Nc3 g6 5. Nf3 Bg7 6. Nd2 O-O 7. Be2 e6 8. O-O exd5 9. exd5 a6 10. a4 Bf5 11. Bf3 h5 12. Nc4 Ng4 13. Bf4 Ne5 14. Bxe5 dxe5 15. Re1 Re8 16. a5 Nd7 17. Nd6 Qc7 18. Nxe8 Rxe8 19. d6 Qb8 20. Be4 Be6 21. Nd5 Nf8 22. Ra3 Rd8 23. Nc7 Rd7 24. Rd3 Bg4 25. f3 Be6 26. Bd5 Bf5 27. Rb3 b5 28. axb6 Kh7 29. Nxa6 Qxd6 30. c4 Rd8 31. b7 Qxa6 32. b8=Q Rxb8 33. Rxb8 Ne6 34. Bxe6 Bxe6 35. Qd8 Qxc4 36. Qg8+ Kh6 37. Qd8 h4 38. Qd2+ Kh7 39. h3 Bh6 40. Qf2 Bg5 41. Rxe5 Bf6 42. Re1 Bd4 43. Re3 Qc1+ 44. Kh2 Qxe3 45. Qxh4+ Qh6 46. Qxh6+ Kxh6 47. Kg3 Be5+ 48. f4 Bxb8 0-1


[Site "https://www.chess.com"]

[Event "Titled Tuesday Blitz December 20 Early 2022"]
[White "Sam_ChessMood"]
[Black "Liaqat, Ali ISB"]
[BlackFideId "7807058"]
[WhiteElo "2882"]
[BlackElo "1927"]
[Result "1-0"]
[Round "06"]
[TimeControl "180+2"]
[Date "2022.12.20"]
[WhiteClock "0:00:09"]
[BlackClock "0:00:26"]

1. d4 d5 2. c4 e6 3. Nc3 Bb4 4. Nf3 Nf6 5. g3 dxc4 6. Bg2 Bd7 7. Ne5 Bc6 8. Nxc6 Nxc6 9. e3 O-O 10. O-O e5 11. dxe5 Nxe5 12. Bxb7 Rb8 13. Bg2 Nd3 14. Qc2 Qd6 15. Ne2 Qa6 16. Nd4 Rb6 17. b3 c5 18. Ne2 cxb3 19. Qxb3 c4 20. Qd1 Rd6 21. Qc2 Ne1 22. Qb2 Nd3 23. Qc2 Rc8 24. Rb1 h6 25. Nd4 Bc5 26. Bb7 Qa5 27. Bxc8 Bxd4 28. exd4 Ne1 29. Qe2 Nd3 30. Rb8 Kh7 31. Qf3 Qc7 32. Bf5+ g6 33. Rb7 Qd8 34. Bxd3 Kg8 35. Bxc4 Nd5 36. Bxd5 Rxd5 37. Rb8 Qxb8 38. Qxd5 Qxg3+ 39. fxg3 h5 40. Qxf7+ Kh8 41. Bh6 g5 42. Qg7# 1-0


[Site "https://www.chess.com"]

[Event "Titled Tuesday Blitz December 20 Early 2022"]
[White "Sanan_Sjugirov"]
[Black "Ducrest, Pierre"]
[BlackFideId "1303627"]
[WhiteElo "2933"]
[BlackElo "2004"]
[Result "1-0"]
[Round "06"]
[TimeControl "180+2"]
[Date "2022.12.20"]
[WhiteClock "0:00:06"]
[BlackClock "0:00:11"]

1. e4 e6 2. d4 d5 3. Nc3 Bb4 4. e5 c5 5. Bd2 Ne7 6. Nf3 O-O 7. a3 Bxc3 8. Bxc3 b6 9. h4 Ba6 10. Bxa6 Nxa6 11. h5 h6 12. Bd2 Nc6 13. c3 Nc7 14. Qe2 a6 15. Rh4 f6 16. Rg4 f5 17. Rg6 Ne7 18. Nh4 Nxg6 19. Nxg6 cxd4 20. cxd4 Nb5 21. Qd3 Rc8 22. a4 Nc7 23. Rc1 Re8 24. Rc6 Qd7 25. Qc2 Kh7 26. Rd6 Qf7 27. Qb3 b5 28. a5 b4 29. Qxb4 Nb5 30. Rxa6 Rb8 31. Rb6 Rxb6 32. axb6 Qd7 33. Nf8+ Rxf8 34. Qxf8 Nxd4 35. Qc5 Nc6 36. Qd6 Qb7 37. Qxe6 Nd4 38. Qg6+ Kh8 39. Bxh6 gxh6 40. Qxh6+ Kg8 41. Qg6+ Kh8 42. h6 Qe7 43. Qd6 Qe8 44. b7 Nc2+ 45. Kd1 Ne3+ 46. fxe3 Qa4+ 47. Kd2 Qa5+ 48. Ke2 Qb5+ 49. Kf2 Qxb2+ 50. Kg3 Qxb7 51. Qf6+ Kh7 52. Qg7+ Qxg7+ 53. hxg7 Kxg7 54. Kf4 Kg6 55. g3 1-0


[Site "https://www.chess.com"]

[Event "Titled Tuesday Blitz December 20 Early 2022"]
[White "Sapon, Ilia"]
[Black "Leon-Black"]
[WhiteFideId "13504746"]
[WhiteElo "2074"]
[BlackElo "2634"]
[Result "0-1"]
[Round "06"]
[TimeControl "180+2"]
[Date "2022.12.20"]
[WhiteClock "0:00:14"]
[BlackClock "0:01:07"]

1. e4 e5 2. Nf3 Nc6 3. Bb5 a6 4. Ba4 Nf6 5. O-O b5 6. Bb3 Bc5 7. d3 h6 8. a4 Rb8 9. c3 d6 10. Re1 O-O 11. Nbd2 Bb6 12. Nf1 Ne7 13. Ng3 Ng6 14. h3 Re8 15. Bc2 d5 16. Bd2 Bb7 17. Nf5 Kh7 18. Qe2 Qd7 19. axb5 axb5 20. Rad1 Rbd8 21. Nh2 Ne7 22. Ng3 dxe4 23. dxe4 Qc6 24. Bb3 Kg8 25. Ng4 Nxg4 26. Qxg4 Qf6 27. Be3 Bxe3 28. Rxe3 Bc8 29. Qe2 Rxd1+ 30. Qxd1 Ng6 31. Rf3 Nf4 32. Nh5 Qg5 33. Nxf4 exf4 34. Qd5 Be6 35. Qxb5 Qxb5 0-1


[Site "https://www.chess.com"]

[Event "Titled Tuesday Blitz December 20 Early 2022"]
[White "Schless, Sebastian"]
[Black "exoticprincess"]
[WhiteFideId "4697987"]
[WhiteElo "2056"]
[BlackElo "3057"]
[Result "1/2-1/2"]
[Round "06"]
[TimeControl "180+2"]
[Date "2022.12.20"]
[WhiteClock "0:00:06"]
[BlackClock "0:00:08"]

1. e4 e5 2. Nf3 Nf6 3. Nc3 d6 4. Bc4 Be7 5. O-O O-O 6. Re1 c6 7. d3 b5 8. Bb3 a5 9. a4 b4 10. Ne2 Nbd7 11. Be3 Ng4 12. Ng3 Nxe3 13. Rxe3 g6 14. d4 Bf6 15. c3 Rb8 16. Rc1 bxc3 17. bxc3 Ba6 18. Nf1 Bg7 19. Re1 Qc7 20. Ne3 h6 21. h4 Nf6 22. dxe5 dxe5 23. Bc4 Bc8 24. Qc2 Ng4 25. Rcd1 Bf6 26. Qd2 Kg7 27. Qd6 Rb7 28. Qxc7 Rxc7 29. Rb1 Nxe3 30. Rxe3 Rd8 31. g3 g5 32. hxg5 hxg5 33. Rd3 Rxd3 34. Bxd3 Be6 35. Kf1 g4 36. Nd2 Rd7 37. Ke2 Bg5 38. Nc4 Bxc4 39. Bxc4 Rd2+ 40. Kf1 Rc2 41. Rb7 Rxc3 42. Rxf7+ Kg6 43. Be6 Rf3 44. Rxf3 gxf3 45. Bg4 Be7 46. Bxf3 Bc5 47. Be2 Kg5 48. Ba6 Bd4 49. Bb7 c5 50. Ba6 Kg4 51. Ke2 Kg5 52. Bc4 Kg4 53. Bb5 Kg5 54. f3 Bg1 55. Bc4 Bd4 56. Bd5 Bg1 57. Kd3 Bf2 58. g4 Kf4 59. Kc4 Be3 60. Kb5 Bd2 61. Kxc5 Kxf3 62. g5 Bxg5 63. Kc4 Bd2 64. Kb5 Bb4 65. Kc4 Kf4 66. Bc6 Be1 67. Bd5 Bb4 68. Bc6 Be1 69. Bd5 Bb4 1/2-1/2


[Site "https://www.chess.com"]

[Event "Titled Tuesday Blitz December 20 Early 2022"]
[White "ShahxaibKhan"]
[Black "Levanovsky, Vladimir"]
[BlackFideId "24119784"]
[WhiteElo "2382"]
[BlackElo "1869"]
[Result "1-0"]
[Round "06"]
[TimeControl "180+2"]
[Date "2022.12.20"]
[WhiteClock "0:00:25"]
[BlackClock "0:00:08"]

1. e4 c5 2. Nc3 Nc6 3. f4 g6 4. Nf3 Bg7 5. Bb5 Nd4 6. Bc4 e6 7. d3 Ne7 8. Nxd4 cxd4 9. Ne2 O-O 10. Bb3 d5 11. e5 Nc6 12. O-O f6 13. exf6 Bxf6 14. Bd2 a5 15. a4 Qd6 16. Qe1 Bd7 17. Kh1 Rac8 18. Ng1 b6 19. Nf3 Bg7 20. Qg3 Rf5 21. Rae1 Rcf8 22. Nh4 R5f7 23. Nf3 Rxf4 24. Bxf4 Qxf4 25. Qh3 Ne5 26. g3 Qxf3+ 27. Rxf3 Rxf3 28. Rxe5 Bxe5 29. Bxd5 Rf6 30. Bb3 h5 31. Qg2 Kf7 32. Qe4 Rf5 33. Kg2 Ke7 34. Qb7 h4 35. g4 h3+ 36. Kxh3 Rf2 37. g5 Rxh2+ 38. Kg4 Rg2+ 39. Kh4 Rh2+ 40. Kg4 Bd6 41. Bc4 e5+ 42. Kf3 Rh3+ 43. Ke2 Rh2+ 44. Ke1 Rh1+ 45. Qxh1 1-0


[Site "https://www.chess.com"]

[Event "Titled Tuesday Blitz December 20 Early 2022"]
[White "Shankland, Sam"]
[Black "Andrei_Skvortsov"]
[WhiteFideId "2004887"]
[WhiteElo "2711"]
[BlackElo "2717"]
[Result "1-0"]
[Round "06"]
[TimeControl "180+2"]
[Date "2022.12.20"]
[WhiteClock "0:01:55"]
[BlackClock "0:00:31"]

1. d4 d5 2. c4 dxc4 3. e3 Nf6 4. Bxc4 e6 5. Nf3 c5 6. O-O a6 7. Nbd2 Nbd7 8. e4 b5 9. e5 bxc4 10. exf6 Nxf6 11. Nxc4 Bd7 12. Bd2 Bb5 13. Ba5 Qb8 14. Nb6 Bxf1 15. Kxf1 Ra7 16. Qa4+ Ke7 17. Ne5 Rc7 18. Nc6+ Rxc6 19. Qxc6 Ne8 20. Qxc5+ Kf6 21. Nd7+ 1-0


[Site "https://www.chess.com"]

[Event "Titled Tuesday Blitz December 20 Early 2022"]
[White "Suduvasachmatai"]
[Black "temiksmozg"]
[WhiteElo "2110"]
[BlackElo "2549"]
[Result "0-1"]
[Round "06"]
[TimeControl "180+2"]
[Date "2022.12.20"]
[WhiteClock "0:00:02"]
[BlackClock "0:00:04"]

1. e4 c5 2. c3 d5 3. exd5 Qxd5 4. d4 Nf6 5. Nf3 Bg4 6. Be2 e6 7. O-O Nc6 8. h3 Bh5 9. Be3 cxd4 10. cxd4 Be7 11. Nc3 Qd8 12. Ne5 Bxe2 13. Qxe2 O-O 14. Rad1 Qb6 15. d5 Qc7 16. dxc6 Qxe5 17. cxb7 Rab8 18. Qf3 Qf5 19. Qc6 a5 20. Ba7 Rbe8 21. b8=Q Rxb8 22. Bxb8 Rxb8 23. Qc7 Re8 24. g4 Qf3 25. Qg3 Qb7 26. Qg2 Qxb2 27. Qc6 Rf8 28. Rfe1 Bb4 29. Na4 Qxa2 30. Ra1 Qd5 31. Qxd5 Nxd5 32. Red1 h6 33. Nb2 Bc3 34. Rab1 Ra8 35. Na4 Bb4 36. Rdc1 Nf4 37. Kf1 Nxh3 38. Rc7 Rf8 39. Nb6 Ng5 40. Ke2 Ne4 41. Rh1 Nf6 42. Nd7 Nxd7 43. Rxd7 Ra8 44. Ra1 Bf8 45. Rb7 a4 46. Kd3 a3 47. Rb3 f6 48. Rb6 e5 49. Ke4 Rc8 50. f3 Rc4+ 51. Kf5 Rf4+ 52. Kg6 Rxf3 53. Rb8 Rf4 54. Kh5 f5 55. gxf5 Rxf5+ 56. Kg6 Rg5# 0-1


[Site "https://www.chess.com"]

[Event "Titled Tuesday Blitz December 20 Early 2022"]
[White "Szpar, Milosz"]
[Black "GiorgianBarbosa"]
[WhiteFideId "1184989"]
[WhiteElo "2447"]
[BlackElo "2484"]
[Result "0-1"]
[Round "06"]
[TimeControl "180+2"]
[Date "2022.12.20"]
[WhiteClock "0:00:01"]
[BlackClock "0:00:14"]

1. e4 c5 2. Nf3 g6 3. c3 Bg7 4. d4 cxd4 5. cxd4 d5 6. e5 Bg4 7. Nbd2 e6 8. Qb3 Qd7 9. h3 Bxf3 10. Nxf3 Ne7 11. h4 O-O 12. h5 Nbc6 13. Be3 Nf5 14. Bd3 Nxe3 15. fxe3 Rfc8 16. Kf2 Qe7 17. Rh3 Qb4 18. Qd1 Qxb2+ 19. Kg3 Qa3 20. hxg6 hxg6 21. Ng5 Ne7 22. Kf4 Rc3 23. Qh1 Kf8 24. Rh8+ Bxh8 25. Qxh8+ Ng8 26. Rh1 Ke7 27. Rh7 Rf8 28. Rg7 Rxd3 29. Rxg8 Rxg8 30. Qxg8 Kd7 31. Qxf7+ Qe7 32. Qxg6 Rd2 33. Qf6 Rxg2 34. Nf3 Rxa2 35. Qh6 a5 36. Ng5 a4 37. Nh7 Rf2+ 38. Kg3 Rf7 39. Nf6+ Kc7 40. Qh8 Rg7+ 41. Kf3 Rf7 42. Ke2 a3 43. Ne8+ Kb6 44. Nd6 Qc7 45. Qa8 Qc2+ 46. Ke1 Qc1+ 47. Ke2 Qb2+ 48. Kd3 Qb1+ 49. Ke2 Qf1+ 50. Kd2 Rf2+ 51. Kc3 Qc1+ 52. Kb4 Qb2+ 53. Ka4 Qc2+ 54. Kb4 Qb1+ 55. Ka4 Qd1+ 56. Kb4 Rb2+ 57. Kc3 Qc2# 0-1


[Site "https://www.chess.com"]

[Event "Titled Tuesday Blitz December 20 Early 2022"]
[White "TERMINATOR_PC"]
[Black "Slovak_fighter2000"]
[WhiteElo "2620"]
[BlackElo "2466"]
[Result "1-0"]
[Round "06"]
[TimeControl "180+2"]
[Date "2022.12.20"]
[WhiteClock "0:01:28"]
[BlackClock "0:00:02"]

1. e4 e6 2. d4 d5 3. Nc3 Nf6 4. Bg5 Bb4 5. e5 h6 6. Be3 Ne4 7. Qg4 Kf8 8. a3 Bxc3+ 9. bxc3 b6 10. Bd3 Bb7 11. Ne2 Nd7 12. f3 h5 13. Qh3 Ng5 14. Qg3 Nh7 15. h4 a5 16. Nf4 Ba6 17. Nxh5 g6 18. Nf4 Bxd3 19. cxd3 Qe7 20. Kf2 Ke8 21. c4 c6 22. a4 Nhf8 23. h5 Rg8 24. h6 Nh7 25. Rhb1 g5 26. Nh5 Qf8 27. Rh1 Kd8 28. Rac1 Rc8 29. Nf6 Ndxf6 30. exf6 Kd7 31. Rb1 Rb8 32. Rb2 Qd6 33. Qxd6+ Kxd6 34. Rhb1 Kc7 35. c5 bxc5 36. Rxb8 Rxb8 37. Rxb8 Kxb8 38. dxc5 Kc8 39. d4 Nxf6 40. Bxg5 Nh7 41. Bd2 f6 42. Bxa5 e5 43. Bc3 e4 44. Ke3 f5 45. Kf4 Kd7 46. Kxf5 e3 47. Kf4 e2 48. Ke3 Ke6 49. Kxe2 Kf5 50. a5 Kg6 51. a6 Nf6 52. a7 1-0


[Site "https://www.chess.com"]

[Event "Titled Tuesday Blitz December 20 Early 2022"]
[White "Tarno, Brian"]
[Black "Michels, Achim"]
[WhiteFideId "10833820"]
[BlackFideId "4677889"]
[WhiteElo "2169"]
[BlackElo "2163"]
[Result "1-0"]
[Round "06"]
[TimeControl "180+2"]
[Date "2022.12.20"]
[WhiteClock "0:00:21"]
[BlackClock "0:00:03"]

1. e4 c6 2. d4 d5 3. Nc3 dxe4 4. Nxe4 Nf6 5. Nxf6+ exf6 6. Nf3 Bd6 7. Be3 h5 8. Qd2 h4 9. h3 Qc7 10. Bc4 Na6 11. O-O-O Bf5 12. d5 c5 13. Bb5+ Bd7 14. Bxd7+ Qxd7 15. Rhe1 O-O-O 16. Qa5 Kb8 17. Nd2 Bc7 18. Qa3 Qxd5 19. Nb3 Qxg2 20. Nxc5 Nxc5 21. Qxc5 Bb6 22. Qe7 Bxe3+ 23. fxe3 Rc8 24. c3 Rhf8 25. Rd7 Qc6 26. Red1 Qb6 27. Qe4 g6 28. Qxh4 f5 29. Qf4+ Ka8 30. Qg5 f6 31. Qh6 Qxe3+ 32. Qxe3 1-0


[Site "https://www.chess.com"]

[Event "Titled Tuesday Blitz December 20 Early 2022"]
[White "TigrVShlyape"]
[Black "Orange_Ghost"]
[WhiteElo "2914"]
[BlackElo "2740"]
[Result "1-0"]
[Round "06"]
[TimeControl "180+2"]
[Date "2022.12.20"]
[WhiteClock "0:00:03"]
[BlackClock "0:00:07"]

1. e4 e5 2. Nf3 Nc6 3. Bb5 Nf6 4. O-O Nxe4 5. d4 Nd6 6. Bxc6 dxc6 7. dxe5 Nf5 8. Qxd8+ Kxd8 9. Rd1+ Ke8 10. Nc3 Be7 11. h3 Nh4 12. Nxh4 Bxh4 13. Bf4 Be7 14. g4 Be6 15. Kg2 Rd8 16. f3 Rd7 17. Ne4 h6 18. Ng3 Kd8 19. Nh5 Rg8 20. b3 Kc8 21. Be3 b6 22. Rxd7 Bxd7 23. Rd1 c5 24. c4 Bc6 25. Kg3 Kb7 26. Bc1 a6 27. Re1 Bd7 28. f4 Bc6 29. f5 Bf8 30. e6 Bd6+ 31. Bf4 Bxf4+ 32. Kxf4 f6 33. Rd1 Kc8 34. Kg3 Be8 35. Nf4 Bc6 36. Ng6 Re8 37. h4 Be4 38. Kf4 Bc6 39. g5 hxg5+ 40. hxg5 b5 41. gxf6 gxf6 42. Rd2 a5 43. Kg4 a4 44. Kh5 bxc4 45. bxc4 Be4 46. Rf2 Bd3 47. Kh6 Bxc4 48. Kg7 Bxe6 49. fxe6 Rxe6 50. Nf4 Rd6 51. Rc2 a3 52. Rc3 Ra6 53. Nd3 Rb6 54. Rxa3 c4 55. Nc5 Kd8 56. Rc3 Rb2 57. a4 Rb4 58. Kxf6 c6 59. Ke5 Kc8 60. Kd4 Rb1 61. Rxc4 Kc7 62. Kc3 Kd6 63. Nb3 Rh1 64. Rd4+ Kc7 65. Kb4 Kb6 66. a5+ Kc7 67. Nc5 1-0


[Site "https://www.chess.com"]

[Event "Titled Tuesday Blitz December 20 Early 2022"]
[White "Timofeeva, Galina"]
[Black "Abundo, Casto"]
[WhiteFideId "14106175"]
[BlackFideId "5200512"]
[WhiteElo "1955"]
[BlackElo "2175"]
[Result "1-0"]
[Round "06"]
[TimeControl "180+2"]
[Date "2022.12.20"]
[WhiteClock "0:00:18"]
[BlackClock "0:00:01"]

1. d4 Nf6 2. Bf4 d5 3. Nc3 c5 4. e3 cxd4 5. exd4 a6 6. Nf3 Nc6 7. Ne5 Bd7 8. Qd2 e6 9. O-O-O Bb4 10. f3 Rc8 11. Qe3 Qa5 12. Rd3 Ne7 13. g4 Ng6 14. Nxg6 hxg6 15. a3 Bxc3 16. Rxc3 Rxc3 17. Qxc3 Qxc3 18. bxc3 Bb5 19. Bd3 O-O 20. Kd2 Bxd3 21. cxd3 b5 22. a4 Ra8 23. Rb1 Kf8 24. axb5 axb5 25. Rxb5 Ra2+ 26. Ke3 Rc2 27. Rb8+ Ke7 28. Rb7+ Ke8 29. Bd6 Nd7 30. Ra7 f6 31. Rc7 e5 32. dxe5 fxe5 33. d4 exd4+ 34. Kxd4 Rd2+ 35. Ke3 Rc2 36. Bg3 g5 37. Kd3 Rc1 38. Rc6 Ke7 39. Rg6 Kf7 40. Rd6 Nc5+ 41. Kd4 Ne6+ 42. Ke5 Rxc3 43. Rd7+ Kg6 44. Kxe6 Rxf3 45. Rxd5 Re3+ 46. Re5 Rd3 47. Ke7 Rd4 48. Re6+ Kh7 49. Kf8 Rxg4 50. Re7 Rd4 51. Rxg7+ Kh6 52. Ra7 Rc4 53. Kf7 Rc6 54. Re7 Kh5 55. Re6 Rc4 56. Kf6 Ra4 57. Re5 Ra6+ 58. Kf5 Ra1 59. Ke4 Rf1 60. Rf5 Ra1 61. Kf3 Ra3+ 62. Kg2 Kg6 63. Rb5 1-0


[Site "https://www.chess.com"]

[Event "Titled Tuesday Blitz December 20 Early 2022"]
[White "Tsyhanchuk_Stanislav"]
[Black "KerryStead"]
[WhiteElo "2335"]
[BlackElo "2033"]
[Result "1-0"]
[Round "06"]
[TimeControl "180+2"]
[Date "2022.12.20"]
[WhiteClock "0:00:10"]
[BlackClock "0:00:14"]

1. e4 c6 2. d4 d5 3. exd5 cxd5 4. Nf3 Nc6 5. Bd3 Nf6 6. O-O Bg4 7. c3 e6 8. h3 Bh5 9. Bf4 Be7 10. Nbd2 Bg6 11. Bxg6 hxg6 12. b4 Qb6 13. a4 a5 14. b5 Na7 15. c4 dxc4 16. Nxc4 Qd8 17. Nfe5 Nd5 18. Bg3 Nc8 19. Qg4 Ncb6 20. Nxb6 Nxb6 21. Nxg6 fxg6 22. Qxe6 Nd5 23. Rfe1 Qd7 24. Qxg6+ Kf8 25. Re5 Rh6 26. Qe4 Nf6 27. Qf3 Bb4 28. Rc1 Rd8 29. b6 Qxd4 30. Rc7 Rd7 31. Qxb7 Rg6 32. Rxd7 Qxd7 33. Qa8+ Kf7 34. b7 Bd6 35. b8=Q Bxb8 36. Qxb8 Ne8 37. Qb3+ Kf8 38. Qf3+ Rf6 39. Qh5 Nd6 40. Qh8+ Kf7 41. Re3 Qf5 42. Bxd6 Rxd6 43. Qe8+ Kf6 44. Qf8+ Kg6 45. Rg3+ Qg5 46. Rxg5+ Kxg5 47. Qxd6 g6 48. Qe5+ Kh6 49. Qxa5 Kh7 50. Qb5 Kg7 51. g4 Kf6 52. a5 Kg7 53. a6 Kh6 54. a7 Kg7 55. a8=Q Kf6 56. Qac6+ Kg7 57. Qbb7+ Kh6 58. Qc1+ g5 59. Qcc6# 1-0


[Site "https://www.chess.com"]

[Event "Titled Tuesday Blitz December 20 Early 2022"]
[White "UnknownMagician"]
[Black "Malich, Burkhard, Dr."]
[BlackFideId "4611330"]
[WhiteElo "2635"]
[BlackElo "2323"]
[Result "1-0"]
[Round "06"]
[TimeControl "180+2"]
[Date "2022.12.20"]
[WhiteClock "0:00:03"]
[BlackClock "0:00:01"]

1. e4 c5 2. Nf3 Nc6 3. Nc3 d6 4. g3 g6 5. d4 cxd4 6. Nxd4 Bg7 7. Be3 Nf6 8. h3 Bd7 9. Bg2 Nxd4 10. Bxd4 Bc6 11. O-O O-O 12. Re1 Rc8 13. Nd5 Bxd5 14. exd5 Nd7 15. Bxg7 Kxg7 16. c3 Nf6 17. Qd4 a6 18. g4 h6 19. Re3 Re8 20. Rae1 Qc7 21. h4 Qc4 22. g5 hxg5 23. hxg5 Qxd4 24. cxd4 Nh7 25. f4 Rc2 26. Rb3 b5 27. Bh3 f5 28. Bf1 Nf8 29. a4 bxa4 30. Rb7 Rd2 31. Bxa6 Rxd4 32. Bb5 Rc8 33. Rexe7+ Kh8 34. Rf7 Rxf4 35. Bd7 Rd8 36. Be6 Rg4+ 37. Kf2 Rxg5 38. Ra7 Rg4 39. Ke3 Rh4 40. Kd3 f4 41. Ke4 Re8 42. Kf3 g5 43. Rab7 Rh6 44. Bd7 Re3+ 45. Kf2 Nxd7 46. Rbxd7 Rg6 47. Rd8+ Rg8 48. Rxd6 Rge8 49. Rdd7 Rh3 50. Kg2 Rh6 51. Kf3 Re3+ 52. Kg4 Rg3+ 53. Kf5 Kg8 54. Rfe7 Re3 55. Rg7+ 1-0


[Site "https://www.chess.com"]

[Event "Titled Tuesday Blitz December 20 Early 2022"]
[White "Van der Nat, Nicholas"]
[Black "Arora, Tashika"]
[WhiteFideId "14300427"]
[BlackFideId "459305"]
[WhiteElo "2362"]
[BlackElo "1896"]
[Result "1/2-1/2"]
[Round "06"]
[TimeControl "180+2"]
[Date "2022.12.20"]
[WhiteClock "0:01:26"]
[BlackClock "0:01:41"]

1. c4 Nf6 2. g3 e6 3. Bg2 d5 4. Nf3 d4 5. O-O c5 6. b4 cxb4 7. a3 b3 8. d3 Nc6 9. Nbd2 Be7 10. Nxb3 O-O 11. e3 dxe3 12. Bxe3 e5 13. h3 Bf5 14. d4 exd4 15. Nfxd4 Nxd4 16. Nxd4 Be4 17. Bxe4 Nxe4 18. Qf3 Nd2 19. Bxd2 Qxd4 20. Qxb7 Bf6 21. Rad1 1/2-1/2


[Site "https://www.chess.com"]